 Dungeon Crawl Stone Soup version 0.22.1-1-ga44c0e5 (webtiles) character file.

282 Starchild the Shield-Bearer (level 6, 0/47 HPs)
             Began as a Formicid Fighter on Oct 8, 2018.
             Slain by an ogre
             ... wielding a +0 giant club
              (18 damage)
             ... on level 4 of the Dungeon.
             The game lasted 00:09:58 (3063 turns).

Starchild the Shield-Bearer (Formicid Fighter)      Turns: 3063, Time: 00:09:58

Health: 0/47       AC:  6    Str: 20    XL:     6   Next: 54%
Magic:  6/6        EV:  8    Int:  8    God:
Gold:   175        SH: 10    Dex: 12    Spells: 5/5 levels left

rFire    . . .     SeeInvis +   a - +0 long sword
rCold    . . .     Gourm    .   c - +0 shield
rNeg     . . .     Faith    .   b - +0 scale mail
rPois    .         Spirit   .   (helmet unavailable)
rElec    .         Reflect  .   (no cloak)
rCorr    .         Harm     .   (no gloves)
MR       .....                  (no boots)
Stlth    ..........             (no amulet)
HPRegen  0.15/turn              (no ring)
MPRegen  0.10/turn              (no ring)

@: no status effects
A: permanent stasis, dig shafts and tunnels, four strong arms, antennae 3
a: Dig, Shaft Self


You were on level 4 of the Dungeon.
You were hungry.

You visited 1 branch of the dungeon, and saw 4 of its levels.

You collected 175 gold pieces.

Inventory:

Hand Weapons
 a - a +0 long sword (weapon)
 k - a +0 hunting sling
Missiles
 e - 61 stones
 i - 18 sling bullets
 l - 3 tomahawks of returning (quivered)
Armour
 b - a +0 scale mail (worn)
 c - a +0 shield (worn)
Wands
 g - a wand of digging (13)
 m - a wand of iceblast (10)
Scrolls
 j - a scroll of enchant armour {unknown}
 p - a scroll of fear {unknown}
 q - 2 scrolls of identify {unknown}
 r - a scroll of remove curse {unknown}
Potions
 d - a potion of might
 h - a potion of flight {unknown}
 n - a potion of brilliance {unknown}
 o - a potion of magic {unknown}
Comestibles
 f - 3 rations


   Skills:
 - Level 3.2 Fighting
 + Level 5.2 Long Blades
 - Level 3.2 Armour
 * Level 5.7 Shields


You had 5 spell levels left.
You didn't know any spells.
Your spell library was empty.

Dungeon Overview and Level Annotations

Branches:
Dungeon (4/15)
 Temple: D:4-7

Altars:
Dithmenos
Hepliaklqana
Uskayaw
Wu Jian
The Shining One


Innate Abilities, Weirdness & Mutations

You cannot be hasted, slowed, berserked, paralysed or teleported.
You can dig through walls and to a lower floor.
Your four strong arms can wield two-handed weapons with a shield.
You have a pair of large antennae on your head. (SInv)


Message History

There is a stone staircase leading down here.
You climb downwards.
Found 5 gold pieces.
There is a stone staircase leading up here.
You now have 163 gold pieces (gained 5).
Found a glowing golden altar of the Shining One.
Found a stone staircase leading up.
Found 12 gold pieces.
You now have 175 gold pieces (gained 12).
You open the door.
An ogre comes into view. It is wielding a giant club.
The ogre shouts!
The ogre closely misses you.
Your shield prevents you from hitting the ogre.
The ogre hits you with a giant club!!
You hit the ogre but do no damage. The ogre hits you with a giant club!
You slash the ogre!
The ogre is heavily wounded.
The ogre hits you with a giant club!!
You die...

.. .# #.####.#
#.##...#######
#.##.........#
#.#...######.# #.#.#.##
#.# #...#..## #.#
##..###..## #O# ##..##
##..###@#
###..##...##..##.#
....#'.....##..#.#
...##.......##...###
.### ..._... ###...##.
...##.......##........#
##..##.....##....######
##..##...##..#..#
##..##.##..##.<#


You could see an ogre.

Vanquished Creatures
  An orc priest (D:3)
  An orc wizard (D:3)
  Ijyb (D:3)
  Terence (D:3)
  Robin (D:3)
  4 adders
  2 oozes
  5 worms
  3 dart slugs
  A leopard gecko (D:1)
  4 orcs (D:3)
  3 bats
  2 giant cockroaches
  20 goblins
  11 hobgoblins
  10 jackals
  6 kobolds
  A quokka (D:2)
  A ball python (D:2)
  7 frilled lizards
  8 rats
93 creatures vanquished.

Notes
Turn   | Place    | Note
-------+----------+-------------------------------------------
     0 | D:1      | Starchild the Formicid Fighter began the quest for the Orb.
     0 | D:1      | Reached XP level 1. HP: 18/18 MP: 1/1
    61 | D:1      | Reached XP level 2. HP: 22/24 MP: 2/2
   241 | D:1      | Reached XP level 3. HP: 25/29 MP: 3/3
   794 | D:2      | Reached XP level 4. HP: 28/35 MP: 4/4
  1360 | D:2      | Found a faded altar of an unknown god.
  1374 | D:2      | Found a shadowy altar of Dithmenos.
  1617 | D:3      | Noticed Ijyb
  1658 | D:2      | Reached XP level 5. HP: 41/41 MP: 5/5
  1676 | D:3      | Killed Ijyb
  1832 | D:3      | Noticed Terence
  1841 | D:3      | Killed Terence
  1841 | D:3      | Reached skill level 5 in Shields
  1857 | D:3      | Found a hazy altar of Hepliaklqana.
  1864 | D:3      | Found an ornate altar of the Wu Jian Council.
  1870 | D:3      | Found a hide-covered altar of Uskayaw.
  2064 | D:3      | Noticed Robin
  2105 | D:3      | Killed Robin
  2105 | D:3      | Reached XP level 6. HP: 24/47 MP: 6/6
  2562 | D:3      | Reached skill level 5 in Long Blades
  3012 | D:4      | Found a glowing golden altar of the Shining One.
  3057 | D:4      | Noticed an ogre
  3063 | D:4      | Slain by an ogre

Skill      XL: |  1  2  3  4  5  6 |
---------------+-------------------+-----
Shields        | 4 5 |  5.7
Long Blades    | 3 4 5 |  5.2
Fighting       | |  3.2
Armour         | |  3.2

Action                   |  1- 3 |  4- 6 || total
-------------------------+-------+-------++-------
Melee: Long sword        |   129 |   258 ||   387
 Abil: Dig               |       |     1 ||     1
  Use: Scroll            |       |     1 ||     1
  Eat: Chunk             |       |     7 ||     7
Armor: Scale mail        |    61 |    81 ||   142
Dodge: Dodged            |    48 |    70 ||   118
Block: Shield            |    65 |   125 ||   190
       Rpst.: Long sword |    20 |    26 ||    46
